[Event "Titled Tuesday Blitz June 13 Late 2023"]
[White "Janaszak, Dawid"]
[Black "Yanchenko, Roman"]
[WhiteFideId "1119206"]
[BlackFideId "4137329"]
[WhiteElo "2220"]
[BlackElo "2491"]
[Result "0-1"]
[Round "9"]
[TimeControl "180+2"]
[Date "2023.06.13"]
[WhiteClock "0:00:00"]
[BlackClock "0:00:06"]
[Board "27"]

1. Nf3 d5 2. g3 Nf6 3. Bg2 Bf5 4. O-O e6 5. d3 Be7 6. c4 O-O 7. b3 h6 8. Bb2 a5 9. Nbd2 c6 10. a3 Nbd7 11. Ra2 b5 12. Qa1 a4 13. bxa4 bxc4 14. dxc4 Rxa4 15. Nd4 Qa8 16. cxd5 cxd5 17. Nxf5 exf5 18. Rd1 Nc5 19. Bd4 Rb8 20. Rc1 Ne6 21. Be5 Rd8 22. Nc4 Qa6 23. Ne3 Ne4 24. Nxf5 Bf8 25. Nd4 Qb6 26. e3 N6c5 27. Qb1 Qa6 28. Bf1 Qa8 29. f3 Ng5 30. h4 Nge6 31. Nxe6 Nxe6 32. Bb5 Rxa3 33. Rcc2 Bc5 34. Kg2 Bxe3 35. Rxa3 Qxa3 36. Ra2 Qe7 37. Qd3 Bc5 38. Rc2 d4 39. Bc4 Bd6 40. f4 Bxe5 41. fxe5 Qb7+ 42. Kh2 Qb6 43. Qf5 d3 44. Rf2 Rd7 45. Bxd3 Rxd3 46. Qxf7+ Kh8 47. Rc2 Rd8 48. h5 Rf8 49. Qe7 Rf2+ 50. Rxf2 Qxf2+ 51. Kh1 Qf5 52. Qe8+ Kh7 53. Kh2 Ng5 54. Kg1 Ne4 55. g4 Qf2+ 0-1


[Site "https://www.chess.com"]

[Event "Titled Tuesday Blitz June 13 Late 2023"]
[White "Manea, Alexandru"]
[Black "Klukin, Kirill"]
[WhiteFideId "1207660"]
[BlackFideId "24199273"]
[WhiteElo "2226"]
[BlackElo "2344"]
[Result "1-0"]
[Round "9"]
[TimeControl "180+2"]
[Date "2023.06.13"]
[WhiteClock "0:01:26"]
[BlackClock "0:00:02"]
[Board "28"]

1. d4 Nf6 2. Bf4 g6 3. Nc3 d5 4. h4 h6 5. Qd2 Bg7 6. Nf3 Bf5 7. Ne5 Nbd7 8. e3 c6 9. f3 Nxe5 10. Bxe5 h5 11. O-O-O Qd7 12. Kb1 O-O 13. Bd3 Rac8 14. Rhg1 c5 15. Bxf5 Qxf5 16. g4 hxg4 17. fxg4 Qe6 18. h5 cxd4 19. exd4 Rc4 20. Rde1 Qd7 21. h6 Bh8 22. h7+ Nxh7 23. Rh1 Nf6 24. Rxh8+ Kxh8 25. Qh6+ Kg8 26. Rh1 1-0


[Site "https://www.chess.com"]

[Event "Titled Tuesday Blitz June 13 Late 2023"]
[White "Goltsev, Dmitry"]
[Black "Feng, Eric"]
[WhiteFideId "24176710"]
[BlackFideId "30952590"]
[WhiteElo "2356"]
[BlackElo "1785"]
[Result "1-0"]
[Round "9"]
[TimeControl "180+2"]
[Date "2023.06.13"]
[WhiteClock "0:02:15"]
[BlackClock "0:02:04"]
[Board "29"]

1. e4 c6 2. d4 d5 3. Nc3 dxe4 4. Nxe4 Bf5 5. Ng3 Bg6 6. Nh3 e6 7. Nf4 Bd6 8. c3 Qc7 9. Qf3 Nf6 10. h4 Bf5 11. Bc4 Bg4 12. Qe3 O-O 13. f3 Nd5 14. Bxd5 exd5 15. fxg4 Nd7 16. O-O 1-0


[Site "https://www.chess.com"]

[Event "Titled Tuesday Blitz June 13 Late 2023"]
[White "MaryanKyrychenko"]
[Black "Rustemov, Alexander"]
[BlackFideId "4119002"]
[WhiteElo "2582"]
[BlackElo "2782"]
[Result "0-1"]
[Round "9"]
[TimeControl "180+2"]
[Date "2023.06.13"]
[WhiteClock "0:00:06"]
[BlackClock "0:02:03"]
[Board "30"]

1. e4 e6 2. d4 d5 3. Nc3 Bb4 4. e5 c5 5. f4 cxd4 6. Qxd4 Nc6 7. Qd1 d4 8. a3 Ba5 9. b4 Nxb4 10. axb4 Bxb4 11. Bd2 dxc3 12. Be3 Bd7 13. Nf3 Ne7 14. Bc4 a5 15. O-O Bc6 16. Qe2 Nd5 17. Rfd1 Qe7 18. Bxd5 Bxd5 19. Nd4 O-O 20. Nb5 Rfc8 21. f5 Bc4 22. Qg4 exf5 23. Qxf5 Bxb5 24. e6 Be8 25. Bg5 Qxe6 26. Qf4 h6 27. Bh4 g5 0-1


[Site "https://www.chess.com"]

[Event "Titled Tuesday Blitz June 13 Late 2023"]
[White "Moral Garcia, Serafin"]
[Black "Fernandez Guillen, Ernesto J."]
[WhiteFideId "2201925"]
[BlackFideId "3512428"]
[WhiteElo "2274"]
[BlackElo "2434"]
[Result "0-1"]
[Round "9"]
[TimeControl "180+2"]
[Date "2023.06.13"]
[WhiteClock "0:00:20"]
[BlackClock "0:00:47"]
[Board "31"]

1. e4 e5 2. Nf3 Nc6 3. Nc3 g6 4. Nxe5 Nxe5 5. d4 Nc6 6. d5 Nce7 7. Qd4 f6 8. f4 d6 9. Bd3 Bg7 10. Bd2 Nh6 11. Qc4 O-O 12. e5 fxe5 13. fxe5 Nef5 14. O-O-O dxe5 15. d6+ Nf7 16. dxc7 Qd4 17. Nb5 Qxc4 18. Bxc4 a6 19. Nc3 b5 20. Bb3 Nd4 21. Nd5 Nxb3+ 22. cxb3 Be6 23. Ba5 Kh8 24. Ne7 Bf6 25. Nc6 Bf5 26. Kd2 Be4 27. Nb4 Bxg2 28. Rhg1 Bb7 29. Rdf1 Kg7 30. Nd3 Nd6 31. Bb4 Ne4+ 32. Kc2 Rf7 33. Ba5 Rc8 34. Kb1 Rfxc7 35. Bxc7 Nd2+ 0-1


[Site "https://www.chess.com"]

[Event "Titled Tuesday Blitz June 13 Late 2023"]
[White "TimGrutter03"]
[Black "Djordjevic, Vuk"]
[BlackFideId "902098"]
[WhiteElo "2580"]
[BlackElo "2463"]
[Result "0-1"]
[Round "9"]
[TimeControl "180+2"]
[Date "2023.06.13"]
[WhiteClock "0:00:01"]
[BlackClock "0:00:03"]
[Board "32"]

1. e4 e6 2. d4 d5 3. Nc3 Bb4 4. exd5 exd5 5. Bd3 Nf6 6. Ne2 O-O 7. O-O Nc6 8. a3 Bxc3 9. bxc3 h6 10. h3 Ne7 11. Bf4 Bf5 12. Bh2 Bxd3 13. cxd3 Ng6 14. Nf4 Nxf4 15. Bxf4 Qd7 16. Re1 Rfe8 17. Qd2 Nh7 18. a4 b6 19. a5 Nf8 20. axb6 axb6 21. Rxa8 Rxa8 22. Qe2 Ne6 23. Bg3 c5 24. dxc5 bxc5 25. Qe5 Re8 26. Re2 Rd8 27. Qe4 Re8 28. Qe3 Rc8 29. Qd2 Qb7 30. c4 dxc4 31. dxc4 Nd4 32. Re1 Rd8 33. Qe3 Nc2 34. Qe7 Qc8 35. Re2 Nd4 36. Re4 Ne6 37. Qa7 Rd7 38. Qa1 Rd3 39. Re3 Rd4 40. Be5 Rxc4 41. Bxg7 Nxg7 42. Rg3 Rd4 43. Kh2 Qf5 44. Qc1 Qf6 45. Qe3 Rd6 46. Qe8+ Kh7 47. Qe4+ Nf5 48. Rf3 Kg6 49. g4 Rd4 50. Qxf5+ Qxf5 51. Rxf5 c4 52. Rc5 Kf6 53. Kg3 Ke6 54. Rc6+ Kd5 55. Rxh6 c3 56. Ra6 c2 57. Ra5+ Kc4 58. Ra8 Kc3 59. Rc8+ Rc4 0-1


[Site "https://www.chess.com"]

[Event "Titled Tuesday Blitz June 13 Late 2023"]
[White "Vovk, Orest"]
[Black "Nazari, Arad"]
[WhiteFideId "14113490"]
[BlackFideId "12577324"]
[WhiteElo "2215"]
[BlackElo "2175"]
[Result "0-1"]
[Round "9"]
[TimeControl "180+2"]
[Date "2023.06.13"]
[WhiteClock "0:00:10"]
[BlackClock "0:00:07"]
[Board "33"]

1. g4 e5 2. Bg2 d5 3. h3 h5 4. g5 c6 5. d4 e4 6. c4 Ne7 7. Nc3 Ng6 8. h4 Be6 9. Qb3 Qd7 10. Bh3 dxc4 11. Bxe6 cxb3 12. Bxd7+ Nxd7 13. Nxe4 bxa2 14. Rxa2 Bb4+ 15. Kf1 O-O 16. Nf3 Ne7 17. Ng3 g6 18. Kg2 a5 19. e4 Nb6 20. b3 Rfe8 21. Be3 Nbc8 22. Bd2 Bxd2 23. Nxd2 Rd8 24. Ne2 Nd6 25. f3 Nb5 26. Ra4 Nc8 27. Rha1 Nb6 28. Rxa5 Rxa5 29. Rxa5 Nxd4 30. Nxd4 Rxd4 31. Ra2 Nd7 32. Nc4 Nc5 33. Ra8+ Kg7 34. Na5 Rd2+ 35. Kg3 Ra2 36. b4 Nd3 37. Rd8 Nc5 38. Rb8 Ra4 39. Nc4 Rxb4 40. Nd6 f5 41. exf5 gxf5 42. Nxf5+ Kg6 43. Rf8 Nd7 44. Nh6 Nxf8 45. f4 Rb3+ 46. Kg2 Rb5 47. Kf3 Ne6 48. Ke4 Rb4+ 49. Ke5 Nxf4 50. Ng8 Nd3+ 51. Ke6 Rxh4 0-1


[Site "https://www.chess.com"]

[Event "Titled Tuesday Blitz June 13 Late 2023"]
[White "Pakleza, Zbigniew"]
[Black "Gimenez Aguirre, Alejo Ismael"]
[WhiteFideId "1119290"]
[BlackFideId "32041667"]
[WhiteElo "2410"]
[BlackElo "2165"]
[Result "0-1"]
[Round "9"]
[TimeControl "180+2"]
[Date "2023.06.13"]
[WhiteClock "0:00:00"]
[BlackClock "0:00:10"]
[Board "34"]

1. d4 Nf6 2. Nf3 e6 3. Bf4 b5 4. e3 a6 5. h3 c5 6. Nbd2 Bb7 7. Be2 Nc6 8. O-O Be7 9. Bh2 O-O 10. c3 Rc8 11. a3 Qb6 12. Re1 cxd4 13. exd4 Rfd8 14. Bd3 d6 15. Qe2 Bf8 16. Bg3 Ne7 17. a4 Bc6 18. axb5 axb5 19. Ra2 Ned5 20. Ng5 h6 21. Nxf7 Rd7 22. Qxe6 Re8 23. Nxh6+ Kh8 24. Qxe8 Nxe8 25. Rxe8 gxh6 26. Rxf8+ Kg7 27. Rf3 Nf6 28. Re3 Bd5 29. Ra1 Qb7 30. Bh4 Nh5 31. Be4 Nf4 32. Rae1 Rf7 33. Rg3+ Kf8 34. Bxd5 Qxd5 35. Nf3 Qh5 36. Bd8 Nd3 37. Re2 Nc1 38. Re3 Qf5 39. Bc7 Qd7 40. Ba5 Qf5 41. Bb4 Qd5 42. Rg6 Rd7 43. Ree6 Qc4 44. Rxd6 Rxd6 45. Rxd6 Kf7 46. Kh2 Kg7 47. Ne5 Qe2 48. Rg6+ Kh7 49. Rg3 Qe1 50. Rf3 Ne2 51. h4 Qg1+ 52. Kh3 Qh1+ 53. Kg4 Qxg2+ 54. Kf5 Ng1 55. Rf4 Nh3 56. Rf3 Nxf2 57. Ke6 Nh3 58. Rf7+ Kg8 59. Rf6 Kh7 60. d5 Qg3 61. Rf7+ Kh8 62. d6 Nf4+ 63. Kd7 Qh3+ 64. Kc7 Nd5+ 65. Kc6 Nxb4+ 66. cxb4 Qc8+ 67. Kd5 Qa8+ 68. Nc6 Qa2+ 69. Kc5 Qxf7 70. Kxb5 Qd7 71. Kc5 Kg7 72. Ne5 Qc8+ 73. Kd5 Kf6 74. b5 Qe6+ 75. Kc6 Kxe5 0-1


[Site "https://www.chess.com"]

[Event "Titled Tuesday Blitz June 13 Late 2023"]
[White "Sreyas Payyappat"]
[Black "Lin, Dachey"]
[WhiteFideId "46674969"]
[BlackFideId "2029650"]
[WhiteElo "2043"]
[BlackElo "2313"]
[Result "0-1"]
[Round "9"]
[TimeControl "180+2"]
[Date "2023.06.13"]
[WhiteClock "0:01:08"]
[BlackClock "0:01:51"]
[Board "35"]

1. e4 g6 2. d4 Bg7 3. Nc3 d5 4. exd5 Nf6 5. Bc4 Nbd7 6. Nf3 O-O 7. Bb3 Nb6 8. O-O Nfxd5 9. Nxd5 Nxd5 10. c4 Nf6 11. Be3 c6 12. Bc2 a5 13. b3 Be6 14. Bd3 a4 15. Qc2 Qa5 16. Ng5 axb3 17. Qxb3 Bc8 18. c5 h6 19. Nxf7 Rxf7 20. Bxg6 Nd5 21. Bxf7+ Kxf7 22. f4 Qa3 23. Bf2 Qxb3 24. axb3 Rxa1 25. Rxa1 Nxf4 26. Ra8 Be6 27. Rb8 Bxb3 28. Rxb7 Ne2+ 29. Kf1 Bc4 30. Ke1 Nxd4 31. Kd2 Bd5 32. Bh4 Nf5 33. g3 Nxh4 34. gxh4 Bd4 0-1


[Site "https://www.chess.com"]

[Event "Titled Tuesday Blitz June 13 Late 2023"]
[White "Zavgorodniy, Sergiy"]
[Black "Katz, Alexander"]
[WhiteFideId "14110148"]
[BlackFideId "2039796"]
[WhiteElo "2402"]
[BlackElo "2389"]
[Result "1-0"]
[Round "9"]
[TimeControl "180+2"]
[Date "2023.06.13"]
[WhiteClock "0:01:10"]
[BlackClock "0:00:32"]
[Board "36"]

1. d4 Nf6 2. c4 e6 3. Nf3 d5 4. e3 c6 5. Nbd2 Be7 6. Bd3 O-O 7. O-O Nbd7 8. Qe2 b6 9. e4 dxe4 10. Nxe4 Bb7 11. Rd1 Qc7 12. Bg5 c5 13. dxc5 Nxc5 14. Nxc5 Qxc5 15. Ne5 Rad8 16. Bc2 h6 17. Bh4 Rd4 18. Rxd4 Qxd4 19. Bg3 Rd8 20. Rd1 Qc5 21. Rxd8+ Bxd8 22. Qd3 Bc7 23. Nd7 Nxd7 24. Qxd7 Bxg3 25. Qe8+ Qf8 26. Bh7+ 1-0


[Site "https://www.chess.com"]

[Event "Titled Tuesday Blitz June 13 Late 2023"]
[White "Annaberdiyev, Meylis"]
[Black "Jaskolka, Tomasz"]
[WhiteFideId "14000563"]
[BlackFideId "1170791"]
[WhiteElo "2416"]
[BlackElo "2155"]
[Result "1-0"]
[Round "9"]
[TimeControl "180+2"]
[Date "2023.06.13"]
[WhiteClock "0:00:15"]
[BlackClock "0:00:00"]
[Board "37"]

1. e4 d5 2. exd5 Nf6 3. d4 Bg4 4. Bb5+ c6 5. dxc6 Nxc6 6. Nf3 Qa5+ 7. Nc3 O-O-O 8. Bxc6 bxc6 9. h3 Bh5 10. Qe2 Rxd4 11. g4 Re4 12. Be3 Bg6 13. O-O-O Rb4 14. a3 Rb7 15. Qc4 Qc7 16. Bf4 Qb6 17. Na4 Qb5 18. Qxb5 Rxb5 19. Ne5 Nd5 20. Nxc6 Kb7 21. c4 Kxc6 22. cxb5+ Kxb5 23. Rxd5+ Kxa4 24. Rd8 h5 25. g5 Kb3 26. Rb8+ Ka2 27. Rd1 e5 28. Rdd8 exf4 29. Rxf8 Rh7 30. Rh8 Rxh8 31. Rxh8 Kb3 32. h4 Be4 33. Rg8 g6 34. Rf8 Bd5 35. Rd8 Kc4 36. Rd7 a5 37. Ra7 Kb5 38. Kd2 a4 39. Kc3 Be6 40. Kd4 Bb3 41. Re7 Be6 42. Ke5 1-0


[Site "https://www.chess.com"]

[Event "Titled Tuesday Blitz June 13 Late 2023"]
[White "HamedWafa4"]
[Black "Saveliev, Alexei"]
[BlackFideId "24128546"]
[WhiteElo "2550"]
[BlackElo "2271"]
[Result "1-0"]
[Round "9"]
[TimeControl "180+2"]
[Date "2023.06.13"]
[WhiteClock "0:01:08"]
[BlackClock "0:00:00"]
[Board "38"]

1. e4 g6 2. d4 Bg7 3. Nc3 d6 4. f4 Nc6 5. Be3 Nf6 6. Nf3 O-O 7. Be2 e5 8. dxe5 dxe5 9. Qxd8 Rxd8 10. fxe5 Ng4 11. Bg5 Rf8 12. Nd5 Ngxe5 13. Nxc7 Rb8 14. O-O-O Bg4 15. Nd5 Bxf3 16. gxf3 h6 17. Be3 Kh7 18. h4 Rbc8 19. c3 Na5 20. Bd4 Nec6 21. Bxg7 Kxg7 22. b4 Nxb4 23. Nxb4 Rxc3+ 24. Kb2 Re3 25. Rh2 Rc8 26. Nd5 Rxe2+ 27. Rxe2 Nc4+ 28. Kb1 Ne5 29. Rc2 Rd8 30. f4 Nf3 31. Rc7 Nxh4 32. Rxb7 Ng2 33. Rg1 Nh4 34. f5 g5 35. Rxa7 Nf3 36. Rc1 Nd2+ 37. Ka1 Nxe4 38. Nc7 Rd2 39. Rc6 1-0


[Site "https://www.chess.com"]

[Event "Titled Tuesday Blitz June 13 Late 2023"]
[White "Gomez Ledo, Roberto Carlos"]
[Black "Aggelis, Nikolaos"]
[WhiteFideId "3507076"]
[BlackFideId "4213220"]
[WhiteElo "2378"]
[BlackElo "2189"]
[Result "1-0"]
[Round "9"]
[TimeControl "180+2"]
[Date "2023.06.13"]
[WhiteClock "0:00:07"]
[BlackClock "0:00:30"]
[Board "39"]

1. d4 f5 2. Bf4 Nf6 3. e3 g6 4. h4 h6 5. Qf3 d6 6. Bc4 d5 7. Be2 Be6 8. Qg3 Bf7 9. Bxc7 Qc8 10. Bxb8 Rxb8 11. Nc3 a6 12. Nf3 Ng4 13. Ne5 Nxe5 14. Qxe5 Rg8 15. Bd3 Bg7 16. Qf4 e6 17. g4 b5 18. g5 h5 19. Qd6 Bf8 20. Qg3 Bb4 21. O-O Ba5 22. a4 Bc7 23. f4 b4 24. Ne2 a5 25. Nc1 Ke7 26. Nb3 Bb6 27. Qf2 Be8 28. Qe2 Qc7 29. Rfc1 Bd7 30. c3 Qd6 31. Bb5 Rgc8 32. Bxd7 Qxd7 33. c4 dxc4 34. Rxc4 Rxc4 35. Qxc4 Rc8 36. Qb5 Rc2 37. Qe5 Kf7 38. Qf6+ Kg8 39. Qxg6+ Kf8 40. Qf6+ Kg8 41. g6 Rxb2 42. Nc5 Bxc5 43. dxc5 Rc2 44. Re1 Qb7 45. Qxe6+ Kg7 46. c6 Qxc6 47. Qf7+ Kh6 48. Qh7# 1-0


[Site "https://www.chess.com"]

[Event "Titled Tuesday Blitz June 13 Late 2023"]
[White "Sun, Rick"]
[Black "Yeritsyan, Hayk"]
[WhiteFideId "30909481"]
[BlackFideId "13307320"]
[WhiteElo "2169"]
[BlackElo "2520"]
[Result "1-0"]
[Round "9"]
[TimeControl "180+2"]
[Date "2023.06.13"]
[WhiteClock "0:00:21"]
[BlackClock "0:00:06"]
[Board "40"]

1. d4 d5 2. Nc3 c6 3. Bf4 Nf6 4. e3 Bf5 5. f3 h6 6. g4 Bh7 7. Bd3 Bxd3 8. Qxd3 e6 9. Nge2 Bd6 10. O-O-O Bxf4 11. Nxf4 Nbd7 12. h4 Qc7 13. g5 Ng8 14. g6 Nf8 15. gxf7+ Qxf7 16. Rdg1 O-O-O 17. Rg3 Ne7 18. Rhg1 Nf5 19. Rg4 g5 20. hxg5 hxg5 21. Rxg5 Rh4 22. Nxe6 Nxe6 23. Rxf5 Qh7 24. Re5 Qh6 25. Qf5 Re8 26. Rg6 Rh1+ 27. Nd1 Rxd1+ 28. Kxd1 Qh1+ 29. Kd2 Qh2+ 30. Kc3 Qe2 31. Rgxe6 Qe1+ 32. Kb3 Rd8 33. Re8+ Kc7 34. Rxd8 Kb6 35. Rdxd5 Qe2 36. Qd3 Qe1 37. Rb5+ Kc7 38. Re7+ Kd6 39. Qg6+ Kxe7 40. Rxb7+ Kd8 41. Qg8# 1-0


[Site "https://www.chess.com"]

[Event "Titled Tuesday Blitz June 13 Late 2023"]
[White "Mika, Tomasz"]
[Black "Adewumi, Tanitoluwa"]
[WhiteFideId "1132970"]
[BlackFideId "30966396"]
[WhiteElo "2186"]
[BlackElo "2646"]
[Result "0-1"]
[Round "9"]
[TimeControl "180+2"]
[Date "2023.06.13"]
[WhiteClock "0:01:26"]
[BlackClock "0:02:28"]
[Board "41"]

1. d4 Nf6 2. Bf4 e6 3. Nf3 b6 4. e3 Bb7 5. h3 d5 6. Be2 Bd6 7. Ne5 Nbd7 8. Nxd7 Qxd7 9. Bxd6 Qxd6 10. O-O O-O 11. Nd2 e5 12. dxe5 Qxe5 13. c3 c5 14. Nf3 Qe7 15. Qc2 Rad8 16. Rfd1 g6 17. c4 Rfe8 18. cxd5 Nxd5 19. Rd2 Nxe3 20. fxe3 Qxe3+ 21. Kf1 Bxf3 22. Rxd8 Bxe2+ 23. Ke1 Bd3+ 0-1


[Site "https://www.chess.com"]

[Event "Titled Tuesday Blitz June 13 Late 2023"]
[White "Uzcategui Rodriguez, Alejandro"]
[Black "Vlassov, Nikolai"]
[WhiteFideId "3903400"]
[BlackFideId "4103360"]
[WhiteElo "2252"]
[BlackElo "2324"]
[Result "0-1"]
[Round "9"]
[TimeControl "180+2"]
[Date "2023.06.13"]
[WhiteClock "0:00:54"]
[BlackClock "0:00:53"]
[Board "42"]

1. d4 Nf6 2. Nf3 e6 3. Bg5 h6 4. Bh4 c5 5. e3 b6 6. c3 Bb7 7. Nbd2 Be7 8. Bd3 g5 9. Bg3 g4 10. Ne5 h5 11. Rg1 d6 12. Nec4 b5 13. Na3 b4 14. Nac4 bxc3 15. bxc3 cxd4 16. exd4 Nd5 17. Qc2 h4 18. Rb1 Bc6 19. Be5 dxe5 20. Nxe5 g3 21. hxg3 hxg3 22. fxg3 Ne3 23. Qb3 Bd5 24. Bb5+ Kf8 25. c4 Nxg2+ 26. Kf2 Bb7 27. Rxg2 Qxd4+ 28. Qe3 Qxe3+ 29. Kxe3 Bxg2 30. Rg1 Bc5+ 0-1


[Site "https://www.chess.com"]

[Event "Titled Tuesday Blitz June 13 Late 2023"]
[White "Ansh M Shah"]
[Black "Chernobay, Artem"]
[WhiteFideId "25033379"]
[BlackFideId "4167406"]
[WhiteElo "2084"]
[BlackElo "2474"]
[Result "0-1"]
[Round "9"]
[TimeControl "180+2"]
[Date "2023.06.13"]
[WhiteClock "0:00:10"]
[BlackClock "0:01:31"]
[Board "44"]

1. d4 Nf6 2. c4 g6 3. h4 Bg7 4. Nc3 O-O 5. e4 d6 6. Be2 c5 7. d5 e6 8. h5 a6 9. a4 exd5 10. exd5 Re8 11. Kf1 Nbd7 12. h6 Bh8 13. Nf3 Ng4 14. Bf4 Nde5 15. Nxe5 Nxe5 16. Ra3 Bd7 17. f3 Rb8 18. Ne4 Bf5 19. Ng3 Bd7 20. Ne4 Qe7 21. Bg5 f6 22. Bh4 Qf8 23. Bg3 f5 24. Ng5 Qe7 25. f4 Ng4 26. Bxg4 fxg4 27. Kg1 Bxb2 28. Ra2 Bf6 29. Bh4 Qe3+ 30. Rf2 g3 31. Bxg3 Qxg3 32. Rh3 Bxh3 33. Nxh3 Bd4 34. Qf3 Qxf3 35. gxf3 b5 36. Ng5 bxa4 37. Ne4 Rxe4 38. fxe4 a3 39. Kg2 Bxf2 40. Kxf2 a2 41. e5 a1=Q 42. exd6 Qc3 43. d7 Rb2+ 0-1


[Site "https://www.chess.com"]

[Event "Titled Tuesday Blitz June 13 Late 2023"]
[White "Rodriguez, Santiago"]
[Black "Schnaider, Ilan"]
[WhiteFideId "3000591"]
[BlackFideId "169013"]
[WhiteElo "2249"]
[BlackElo "2224"]
[Result "1-0"]
[Round "9"]
[TimeControl "180+2"]
[Date "2023.06.13"]
[WhiteClock "0:00:26"]
[BlackClock "0:00:04"]
[Board "45"]

1. d4 Nf6 2. Bg5 d5 3. Bxf6 gxf6 4. e3 c5 5. c4 Nc6 6. cxd5 Qxd5 7. Nc3 Qd8 8. dxc5 Qa5 9. Bb5 Bd7 10. a3 a6 11. b4 Qc7 12. Nd5 Qd8 13. Bc4 Ne5 14. Bb3 Bc6 15. f4 e6 16. fxe5 exd5 17. Qh5 Qe7 18. Nf3 Bg7 19. O-O fxe5 20. Ng5 Rf8 21. e4 h6 22. Nxf7 Rxf7 23. exd5 Bb5 24. d6 Qg5 25. Qxf7+ Kd8 26. Qc7+ Ke8 27. Bf7+ Kf8 28. Bc4+ Ke8 29. Bxb5+ axb5 30. d7+ Ke7 31. d8=Q+ Ke6 32. Qdd6# 1-0


[Site "https://www.chess.com"]

[Event "Titled Tuesday Blitz June 13 Late 2023"]
[White "Elaisaz"]
[Black "Bayo Milagro, Alvaro"]
[BlackFideId "22275240"]
[WhiteElo "2320"]
[BlackElo "2270"]
[Result "0-1"]
[Round "9"]
[TimeControl "180+2"]
[Date "2023.06.13"]
[WhiteClock "0:00:18"]
[BlackClock "0:00:40"]
[Board "46"]

1. d4 Nf6 2. Bf4 e6 3. e3 d5 4. Bd3 c5 5. c3 Nc6 6. Nf3 Bd6 7. Bg3 O-O 8. Nbd2 b6 9. O-O Bb7 10. Ne5 Ne7 11. f4 Nf5 12. Qe2 Be7 13. Be1 Nd6 14. g4 Nfe4 15. g5 f6 16. Qh5 fxe5 17. dxe5 Nf5 18. Rf3 g6 19. Qg4 c4 20. Bc2 Bc5 21. Nxe4 dxe4 22. Rh3 Qe7 23. Bf2 Rad8 24. Qg2 Rd2 25. Bxe4 Nxe3 26. Qf3 Bxe4 27. Qxe4 Rxf2 28. Kxf2 Rxf4+ 29. Qxf4 Nd5+ 30. Kf3 Nxf4 31. Kxf4 Qf7+ 32. Kg3 Qf2+ 33. Kg4 Qf5+ 34. Kg3 Qxg5+ 35. Kf3 Qf5+ 36. Kg2 Qc2+ 37. Kg3 Qf2+ 38. Kg4 Qf5+ 39. Kg3 Bf2+ 40. Kg2 Qg4+ 41. Kxf2 Qxh3 42. Rd1 Qxh2+ 43. Ke3 Qxe5+ 44. Kf2 Qf4+ 0-1


[Site "https://www.chess.com"]

[Event "Titled Tuesday Blitz June 13 Late 2023"]
[White "Remizov, Yaroslav"]
[Black "Perez, Maximiliano"]
[WhiteFideId "34134015"]
[BlackFideId "117234"]
[WhiteElo "2405"]
[BlackElo "2334"]
[Result "1-0"]
[Round "9"]
[TimeControl "180+2"]
[Date "2023.06.13"]
[WhiteClock "0:02:34"]
[BlackClock "0:01:35"]
[Board "47"]

1. e4 c5 2. Nf3 Nc6 3. Bb5 g6 4. O-O Bg7 5. c3 Nf6 6. Re1 O-O 7. d4 d5 8. e5 Ne4 9. Be3 cxd4 10. cxd4 Qb6 11. Bxc6 Qxc6 12. Nfd2 f5 13. Nxe4 dxe4 14. Nc3 e6 15. d5 exd5 16. Nxd5 Qd7 17. e6 Qd6 18. Nf6+ 1-0


[Site "https://www.chess.com"]

[Event "Titled Tuesday Blitz June 13 Late 2023"]
[White "Harsh Suresh"]
[Black "Piesik, Piotr"]
[WhiteFideId "45018464"]
[BlackFideId "1136194"]
[WhiteElo "2209"]
[BlackElo "2303"]
[Result "1-0"]
[Round "9"]
[TimeControl "180+2"]
[Date "2023.06.13"]
[WhiteClock "0:02:34"]
[BlackClock "0:02:35"]
[Board "48"]

1. e4 g6 2. d4 Bg7 3. Nc3 c6 4. h3 d6 5. Be3 Nd7 6. Qd2 e5 7. O-O-O Ngf6 8. dxe5 dxe5 9. Nf3 Qe7 10. g4 O-O 11. g5 Nh5 12. h4 Nc5 13. Qd6 Qe6 14. Bxc5 1-0


[Site "https://www.chess.com"]

[Event "Titled Tuesday Blitz June 13 Late 2023"]
[White "Vakhlamov, Igor L."]
[Black "Fantinel, Thibault"]
[WhiteFideId "24126748"]
[BlackFideId "663395"]
[WhiteElo "2407"]
[BlackElo "2316"]
[Result "1-0"]
[Round "9"]
[TimeControl "180+2"]
[Date "2023.06.13"]
[WhiteClock "0:00:04"]
[BlackClock "0:00:00"]
[Board "49"]

1. e4 c5 2. Nf3 e6 3. Nc3 Nc6 4. d4 cxd4 5. Nxd4 Qc7 6. Nxc6 bxc6 7. Qf3 d5 8. Bd3 Nf6 9. O-O Be7 10. Re1 O-O 11. Qh3 e5 12. Qg3 d4 13. Ne2 c5 14. b3 Be6 15. h3 a5 16. f4 Nh5 17. Qf3 Nxf4 18. Nxf4 exf4 19. Bxf4 Qb6 20. e5 a4 21. Qg3 g6 22. h4 axb3 23. axb3 Bd5 24. h5 Qe6 25. Rf1 c4 26. bxc4 Bxc4 27. Bh6 Rxa1 28. Rxa1 Rc8 29. Ra7 Bxd3 30. cxd3 Bf8 31. Bxf8 Rxf8 32. Qf4 gxh5 33. Qxd4 Qg4 34. Ra4 Qd1+ 35. Kh2 Qe2 36. Qe4 Qxe4 37. Rxe4 Rd8 38. d4 Kf8 39. Kh3 Ke7 40. Kh4 Ke6 41. Kxh5 f5 42. Rf4 Rg8 43. g4 fxg4 44. Rxg4 Rf8 45. Kh6 Kd5 46. Kxh7 Rf1 47. Kg6 Rf8 48. Kg5 Rf1 49. Rf4 Rg1+ 50. Kf6 Rg8 51. Ke7 Rg7+ 52. Kf8 Ra7 53. Ke8 Ra8+ 54. Kd7 Ra7+ 55. Kc8 Ra8+ 56. Kb7 Re8 57. Kb6 Rb8+ 58. Kc7 Rh8 59. Kd7 Rh7+ 60. Ke8 Rh8+ 61. Ke7 Rh7+ 62. Rf7 Rh5 63. e6 Kxd4 64. Ke8 Ra5 65. e7 Ke5 66. Rh7 Ke6 67. Rh6+ 1-0


[Site "https://www.chess.com"]

[Event "Titled Tuesday Blitz June 13 Late 2023"]
[White "Tejedor Fuente, Enrique"]
[Black "Novikov, Evgenij"]
[WhiteFideId "2299100"]
[BlackFideId "4125380"]
[WhiteElo "2496"]
[BlackElo "2242"]
[Result "1-0"]
[Round "9"]
[TimeControl "180+2"]
[Date "2023.06.13"]
[WhiteClock "0:00:06"]
[BlackClock "0:00:01"]
[Board "50"]

1. b4 e5 2. Bb2 Bxb4 3. Bxe5 Nf6 4. Nf3 O-O 5. e3 Nc6 6. Bb2 d5 7. Be2 Re8 8. O-O Bf5 9. d3 Qd7 10. Nbd2 Rad8 11. Nb3 Bd6 12. Bxf6 gxf6 13. d4 Be4 14. Rb1 b6 15. Nbd2 Ne7 16. Nxe4 dxe4 17. Nd2 f5 18. g3 c6 19. c3 Nd5 20. Qb3 Qe6 21. Rfc1 Kh8 22. Nf1 Qg6 23. c4 Nf6 24. c5 bxc5 25. dxc5 Be5 26. Qb7 f4 27. exf4 Bxf4 28. Rd1 Rb8 29. Qxc6 Rxb1 30. Rxb1 e3 31. fxe3 Bxe3+ 32. Kg2 Qxb1 33. Qxf6+ Kg8 34. Nxe3 Qe4+ 35. Bf3 Qxe3 36. c6 Qd2+ 37. Kh3 Re6 38. Qf4 Qxf4 39. gxf4 Re7 40. Bg4 Rc7 41. Bd7 Kg7 42. Kg4 Kf6 43. h3 a5 44. a4 Ra7 45. Kh5 Kg7 46. Kg5 f6+ 47. Kf5 Kf7 48. Ke4 Ke7 49. Kd5 Ra8 50. h4 h6 51. h5 Rg8 52. Bf5 Rg1 53. c7 Rd1+ 54. Ke4 Re1+ 55. Kf3 Rc1 56. c8=Q Rxc8 57. Bxc8 Kd6 58. Bf5 Kc5 59. Kg4 Kb4 60. Bd7 1-0


[Site "https://www.chess.com"]

[Event "Titled Tuesday Blitz June 13 Late 2023"]
[White "angelgab3"]
[Black "Makridis, Dimitrios"]
[BlackFideId "25864475"]
[WhiteElo "2527"]
[BlackElo "2277"]
[Result "0-1"]
[Round "9"]
[TimeControl "180+2"]
[Date "2023.06.13"]
[WhiteClock "0:00:00"]
[BlackClock "0:00:20"]
[Board "52"]

1. e4 c5 2. Nf3 Nc6 3. d4 cxd4 4. Nxd4 Nf6 5. Nc3 e5 6. Ndb5 Bb4 7. Nd6+ Ke7 8. Nf5+ Kf8 9. Bc4 d6 10. Ng3 Be6 11. Bb3 d5 12. exd5 Nxd5 13. Qf3 Nd4 14. Qd3 Rc8 15. O-O Nxc3 16. Bxe6 Nde2+ 17. Kh1 Qxd3 18. cxd3 fxe6 19. bxc3 Nxc3 20. Bd2 b6 21. Rfe1 Nd5 22. Bxb4+ Nxb4 23. Rxe5 Kf7 24. Re3 Rhd8 25. Rf3+ Ke7 26. Re1 Rxd3 27. Nf5+ Kf6 28. Ne3+ Ke7 29. Nf5+ Kf8 30. Ne3+ Kg8 31. h3 Nc2 32. Re2 Nd4 33. Nd5 Rc1+ 34. Kh2 Nxf3+ 0-1


[Site "https://www.chess.com"]